 Dungeon Crawl Stone Soup version 0.30-a0-782-ge64f9170bb (webtiles) character file.

Game seed: 5190432312481696424

33189 cheesebisquit the Geomancer (level 13, -1/81 HPs)
             Began as a Gargoyle Earth Elementalist on Feb 18, 2023.
             Was an Elder of Vehumet.
             Slain by Snorg (9 damage)
             ... on level 3 of the Lair of Beasts.
             The game lasted 00:55:24 (16019 turns).

cheesebisquit the Geomancer (GrEE)                 Turns: 16019, Time: 00:55:25

Health: -1/81      AC: 19    Str: 12    XL:     13   Next: 69%
Magic:  12/37      EV: 11    Int: 21    God:    Vehumet [****..]
Gold:   544        SH:  7    Dex: 10    Spells: 21/34 levels left

rFire   . . .      SeeInvis .    G - +5 morningstar (freeze)
rCold   . . .      Faith    .    T - +2 buckler
rNeg    + + .      Spirit   .    s - +2 leather armour {rN+}
rPois   ∞          Reflect  .    t - +2 hat
rElec   +          Harm     .    x - +2 cloak
rCorr   .          Rampage  .    (no gloves)
Will    .....                    (no boots)
Stlth   ++                       P - amulet of magic regeneration
HPRegen 0.33/turn                U - ring of wizardry
MPRegen 0.65/turn                K - ring of magical power

@: about to teleport, hasted, very quick
A: sickness immunity, AC +9, negative energy resistance 1, electricity
resistance, torment resistance 1, petrification resistance
a: Renounce Religion


You were on level 3 of the Lair of Beasts.
You worshipped Vehumet.
Vehumet was greatly pleased with you.
You visited 3 branches of the dungeon, and saw 17 of its levels.

You collected 1217 gold pieces.
You spent 673 gold pieces at shops.

Inventory:

Hand Weapons
 G - a +5 morningstar of freezing (weapon)
Missiles
 H - 7 curare-tipped darts
 M - 9 poisoned darts
 O - 2 datura-tipped darts
Armour
 a - a +0 robe
 q - an orb of light
 s - a +2 leather armour of positive energy (worn)
 t - a +2 hat (worn)
 x - a +2 cloak (worn)
 T - a +2 buckler (worn)
Jewellery
 f - a +6 ring of strength
 w - an amulet of guardian spirit
 J - an amulet of regeneration
 K - a ring of magical power (right hand)
 L - a +5 ring of evasion
 P - an amulet of magic regeneration (around neck)
 Q - a ring of see invisible
 U - a ring of wizardry (left hand)
 V - an amulet of the acrobat
Wands
 d - a wand of polymorph (4)
 e - a wand of iceblast (17)
 E - a wand of acid (8)
 I - a wand of flame (47)
 W - a wand of mindburst (8)
Scrolls
 g - a scroll of poison
 h - 6 scrolls of teleportation
 k - 5 scrolls of fear {unknown}
 p - 3 scrolls of summoning
 r - a scroll of vulnerability {unknown}
 z - 4 scrolls of immolation {unknown}
 A - 2 scrolls of fog
 C - a scroll of silence {unknown}
 F - a scroll of amnesia {unknown}
 N - a scroll of magic mapping {unknown}
Potions
 b - 2 potions of magic
 c - 4 potions of lignification
 i - 5 potions of attraction
 j - 5 potions of mutation
 l - 2 potions of degeneration
 m - a potion of berserk rage
 n - 2 potions of haste
 o - 2 potions of brilliance
 u - 3 potions of curing
 B - a potion of might
 D - a potion of cancellation
 R - a potion of resistance
 S - a potion of invisibility
Miscellaneous
 y - a condenser vane


   Skills:
 + Level 9.7 Fighting
 - Level 1.5 Dodging
 - Level 2.1 Stealth
 - Level 7.1 Shields
 + Level 11.4 Spellcasting
 + Level 11.9 Conjurations
 - Level 1.0 Transmutations
 + Level 14.9 Earth Magic


You had 21 spell levels left.
You knew the following spells:

 Your Spells              Type           Power      Damage    Failure   Level
a - Sandblast             Erth           100%       2d20      0%          1
b - Stone Arrow           Conj/Erth      100%       3d13      1%          3
c - Dazzling Flash        Conj/Hex       74%        N/A       1%          3
d - Passwall              Tmut/Erth      37%        N/A       1%          2
e - Petrify               Tmut/Erth      45%        N/A       1%          4

Your spell library contained the following spells:

 Spells                   Type           Power      Damage    Failure   Level
 Irradiate                Conj/Tmut      19%        3d18      2%          5
 Magic Dart               Conj           100%       1d8       1%          1
 Static Discharge         Conj/Air       74%        2-6/arc   1%          2
 Hailstorm                Conj/Ice       37%        3d9       1%          3
 Mephitic Cloud           Conj/Pois/Air  28%        N/A       1%          3
 Arcjolt                  Conj/Air       18%        1d28      2%          5
 Lightning Bolt           Conj/Air       18%        1d33      2%          5
 Slow                     Hex            48%        N/A       3%          1
 Frozen Ramparts          Ice            24%        1d4       3%          3
 Borgnjor's Vile Clutch   Necr/Erth      21%        N/A       4%          5
 Call Imp                 Summ           12%        N/A       6%          2
 Confusing Touch          Hex            12%        N/A       11%         3
 Portal Projectile        Hex/Tloc       24%        N/A       11%         3
 Tukima's Dance           Hex            12%        N/A       11%         3
 Vampiric Draining        Necr           12%        2d6       11%         3
 Vhi's Electric Charge    Tloc/Air       24%        N/A       11%         3
 Ice Form                 Ice/Tmut       14%        N/A       28%         4
 Animate Dead             Necr           12%        N/A       32%         4
 Dispel Undead            Necr           12%        3d9       32%         4
 Summon Ice Beast         Ice/Summ       12%        N/A       32%         4
 Blade Hands              Tmut           8%         N/A       52%         5
 Summon Forest            Summ/Tloc      6%         N/A       65%         5
 Eringya's Noxious Bog    Tmut/Pois      7%         N/A       67%         6
 Death Channel            Necr           6%         N/A       99%         6
 Simulacrum               Ice/Necr       6%         N/A       99%         6
 Summon Hydra             Summ           6%         N/A       100%        7
 Cigotuvi's Dreadful Rot  Necr/Pois/Air  Unusable   N/A       N/A         2

Dungeon Overview and Level Annotations

Branches:
Dungeon (12/15)            Temple (1/1) D:5            Lair (4/5) D:10
  Swamp (0/4) Lair:2        Snake (0/4) Lair:2          Orc (0/2) D:11
  Slime: Lair:4-5

Altars:
Ashenzari
Cheibriados
Dithmenos
Elyvilon
Fedhas
Gozag
Hepliaklqana
Kikubaaqudgha
Makhleb
Nemelex Xobeh
Okawaru
Qazlal
Ru
Sif Muna
Trog
Uskayaw
Vehumet
Wu Jian
Xom
Yredelemnul
Zin
The Shining One

Shops:
D:7 ?   D:9 **   D:10 :   D:12 :*!![

Annotations:
Lair:3 Snorg


Innate Abilities, Weirdness & Mutations

You are immune to sickness and miasma.
Your stone body is resilient. (AC +9)
You are immune to poison.
You resist negative energy. (rN+)
You are resistant to electric shocks. (rElec)
You are resistant to unholy torment.
You are immune to petrification.


Message History

The stone arrow misses Snorg.
You hear a loud, deep croak! x3
The stone arrow hits Snorg!
Snorg is severely wounded.
You block the blink frog's attack. Snorg bites you! Snorg misses you.
Snorg claws you!
The blink frog blinks!
Snorg barely misses you. x2
Snorg claws you!!
You are too injured to fight recklessly!
Snorg barely misses you. Snorg closely misses you. You block Snorg's attack.
A mysterious force pulls you upwards. The hatch slams shut behind you.
Aiming: Stone Arrow (safe; 1% risk of failure)
Press: ? - help, Q - select action, (/) - cycle Shift-Dir - straight line, f - Snorg
Aim: Snorg (severely wounded, berserk, 78% to hit)
The stone arrow misses Snorg.
Snorg bites you but does no damage. Snorg closely misses you. Snorg claws you!
* * * LOW HITPOINT WARNING * * *
Snorg bites you!!
* * * LOW HITPOINT WARNING * * *
Snorg barely misses you. Snorg claws you.
* * * LOW HITPOINT WARNING * * *
Okay, then.
Okay, then.
You feel much better. Snorg bites you but does no damage. Snorg claws you.
* * * LOW HITPOINT WARNING * * *
Snorg claws you!
* * * LOW HITPOINT WARNING * * *
You feel much better. You block Snorg's attack. Snorg claws you!
* * * LOW HITPOINT WARNING * * *
You block Snorg's attack. Snorg bites you.
* * * LOW HITPOINT WARNING * * *
You block Snorg's attack. Snorg claws you but does no damage.
Okay, then.
As you read the scroll of teleportation, it crumbles to dust.
You feel strangely unstable. Snorg bites you!
* * * LOW HITPOINT WARNING * * *
Snorg claws you but does no damage. x2
You feel yourself speed up. Snorg barely misses you.
Snorg claws you but does no damage. x2; You block Snorg's attack.
Snorg claws you!
You die...

# ######## ## ## ###.#P##.# ###.
.## #.......## ####...
..###........# #P#....
...#.........### #......
...............############......
.................T.......#.......
...........#....@................
....~~[~...........[.............
.~.~≈≈~~.~.#P......P...#.........
..≈~≈≈≈≈~~.......#...............
.~~≈~~~≈≈~.~#...##....#..........
~~~~~.~≈≈≈~#................†####
~≈≈≈.<~~≈~~~#.................# #
~~~~...≈≈~...................##
.~≈~~~~~~~~#.................##


You could see Snorg (berserk).

Vanquished Creatures
  A hydra (Lair:3)
  A catoblepas (Lair:4)
  A ghost crab (Lair:2)
  5 boulder beetles
  A two-headed ogre (D:12)
  Sonja (Lair:2)
  A lindwurm (Lair:3)
  Pikel (D:5)
  A deep elf pyromancer (D:12)
  An ugly thing (D:11)
  10 elephants (Lair:3)
  2 manticores
  2 gargoyles (D:12)
  2 black mambas (Lair:4)
  5 cane toads
  2 rime drakes
  A kobold demonologist (D:9)
  9 komodo dragons
  2 polar bears
  2 trolls (D:11)
  Grinder (D:5)
  Prince Ribbit (D:7)
  2 spectral black mambas (Lair:2)
  A shadow (D:12)
  6 slime creatures (D:12)
  3 wyverns
  Sigmund (D:3)
  4 wraiths
  A basilisk (Lair:1)
  Eustachio (D:6)
  A spectral komodo dragon (Lair:2)
  27 yaks
  Grum (D:8)
  9 vampire mosquitoes
  A spectral cane toad (Lair:2)
  7 water moccasins
  4 orc warriors
  4 ice beasts
  A black bear (Lair:1)
  A sky beast (D:7)
  3 centaurs
  3 wolves (D:8)
  5 ogres
  A phantom (D:4)
  A lemure (D:5)
  3 kobold brigands
  12 bullfrogs
  A wyvern zombie (D:6)
  3 necrophages
  A water moccasin zombie (D:6)
  2 scorpions
  10 wights
  14 killer bees
  2 howler monkeys
  A bullfrog zombie (D:6)
  A human zombie (D:6)
  3 jellies
  A hound (D:5)
  Crazy Yiuf (D:3)
  3 orc priests
  3 iguanas (D:5)
  14 orc wizards
  3 hell rats (Lair:3)
  2 killer bee zombies (D:6)
  A mummy (D:6)
  A howler monkey zombie (D:6)
  Robin (D:3)
  2 adders
  3 gnolls (D:4)
  8 river rats (Lair:3)
  An ufetubus (D:6)
  2 worms
  3 dart slugs
  33 orcs
  8 endoplasms
  2 giant cockroaches
  12 goblins
  13 hobgoblins
  7 jackals
  7 quokkas
  9 ball pythons
  5 bats
  3 frilled lizards
  14 kobolds
  8 rats
364 creatures vanquished.

Vanquished Creatures (others)
  A fungus (Lair:2)
  15 plants
16 creatures vanquished.

Grand Total: 380 creatures vanquished

Notes
Turn   | Place    | Note
-------+----------+-------------------------------------------
     0 | D:1      | cheesebisquit the Gargoyle Earth Elementalist began the
                  | quest for the Orb.
     0 | D:1      | Reached XP level 1. HP: 10/10 MP: 3/3
   251 | D:1      | Reached skill level 1 in Transmutations
   385 | D:1      | Reached XP level 2. HP: 15/15 MP: 3/5
   462 | D:1      | Reached skill level 4 in Earth Magic
   679 | D:1      | Found a faded altar of an unknown god.
   768 | D:1      | Reached XP level 3. HP: 19/19 MP: 3/6
   975 | D:2      | Found an ornate altar of the Wu Jian Council.
  1445 | D:2      | Learned a level 3 spell: Stone Arrow
  1614 | D:3      | Noticed Robin
  1622 | D:2      | Reached XP level 4. HP: 16/24 MP: 3/8
  1770 | D:3      | Killed Robin
  1883 | D:3      | Reached skill level 5 in Earth Magic
  1908 | D:3      | Noticed Sigmund
  1915 | D:3      | Killed Sigmund
  1916 | D:3      | Reached skill level 6 in Earth Magic
  1916 | D:3      | Reached XP level 5. HP: 23/28 MP: 3/11
  1916 | D:3      | Reached XP level 6. HP: 26/32 MP: 3/12
  2467 | D:3      | Found a runed translucent door.
  2468 | D:3      | Noticed Crazy Yiuf
  2473 | D:3      | Killed Crazy Yiuf
  2834 | D:4      | Reached XP level 7. HP: 36/36 MP: 12/14
  2837 | D:4      | Reached skill level 7 in Earth Magic
  2927 | D:4      | Reached skill level 5 in Spellcasting
  3242 | D:4      | Found a basalt altar of Yredelemnul.
  3263 | D:5      | Entered Level 5 of the Dungeon
  3503 | D:5      | Found a broken altar of Ashenzari.
  3570 | D:5      | Reached skill level 1 in Conjurations
  3601 | D:5      | Reached skill level 8 in Earth Magic
  3601 | D:5      | Reached XP level 8. HP: 41/41 MP: 13/16
  3833 | D:5      | Found a staircase to the Ecumenical Temple.
  3844 | Temple   | Entered the Ecumenical Temple
  3946 | Temple   | Became a worshipper of Vehumet
  4339 | D:5      | Found a glowing silver altar of Zin.
  4458 | D:5      | Noticed Pikel
  4468 | D:5      | Killed Pikel
  4469 | D:5      | Reached skill level 9 in Earth Magic
  4618 | D:5      | Noticed Grinder
  4622 | D:5      | Killed Grinder
  4623 | D:5      | Reached XP level 9. HP: 45/45 MP: 15/19
  4667 | D:5      | Reached skill level 5 in Conjurations
  4896 | D:6      | Noticed Eustachio
  4902 | D:6      | Killed Eustachio
  4952 | D:6      | Found a stormy altar of Qazlal.
  5395 | D:6      | Reached skill level 10 in Earth Magic
  5520 | D:6      | Found an ancient bone altar of Kikubaaqudgha.
  5528 | D:6      | Reached * piety under Vehumet
  5528 | D:6      | Offered knowledge of Freeze by Vehumet.
  6071 | D:7      | Noticed Prince Ribbit
  6073 | D:7      | Killed Prince Ribbit
  6310 | D:7      | Reached XP level 10. HP: 49/50 MP: 18/22
  6421 | D:7      | Found Heres's Magic Scroll Boutique.
  6427 | D:7      | Bought a scroll of identify for 26 gold pieces
  6432 | D:7      | Bought a scroll of enchant armour for 97 gold pieces
  6432 | D:7      | Bought a scroll of enchant weapon for 97 gold pieces
  6432 | D:7      | Bought a scroll of summoning for 123 gold pieces
  6432 | D:7      | Bought a scroll of enchant armour for 97 gold pieces
  6488 | D:7      | Reached skill level 1 in Fighting
  6488 | D:7      | Reached skill level 11 in Earth Magic
  7311 | D:8      | Found an opulent altar of Gozag.
  7424 | D:8      | Offered knowledge of Poisonous Vapours by Vehumet.
  7429 | D:8      | Reached ** piety under Vehumet
  7802 | D:8      | Noticed Grum
  7819 | D:8      | Killed Grum
  8304 | D:8      | Identified the +1 helmet "Laotefast" {Rampage *Corrode
                  | rPois}
  8704 | D:9      | Found Rentyan's Assorted Antiques.
  8749 | D:9      | Found Ixtoat's General Store.
  8757 | D:9      | Bought a scroll of teleportation for 51 gold pieces
  8757 | D:9      | Bought a scroll of identify for 34 gold pieces
  8986 | D:9      | Noticed a kobold demonologist
  8990 | D:9      | Killed a kobold demonologist
  8991 | D:9      | Reached skill level 12 in Earth Magic
  9157 | D:10     | Entered Level 10 of the Dungeon
  9166 | D:10     | Reached XP level 11. HP: 62/62 MP: 24/24
  9447 | D:10     | Reached skill level 5 in Fighting
  9484 | D:10     | Offered knowledge of Searing Ray by Vehumet.
  9567 | D:10     | Found Burenwa's Self-Improvement Boutique.
  9681 | D:10     | Found a staircase to the Lair.
  9779 | D:10     | Reached *** piety under Vehumet
  9821 | D:10     | Found a burning altar of Makhleb.
  9826 | D:10     | Identified the +5 falchion of Bunkiz {drain, Contam *Rage
                  | +Blink Str+8}
 10138 | D:11     | Noticed a boulder beetle
 10283 | D:10     | Killed a boulder beetle
 10351 | D:11     | Noticed a purple ugly thing
 10357 | D:11     | Killed a purple ugly thing
 10443 | D:11     | Reached skill level 13 in Earth Magic
 10472 | D:11     | Noticed a manticore
 10475 | D:11     | Killed a manticore
 10476 | D:11     | Reached skill level 10 in Spellcasting
 10506 | D:11     | Noticed a boulder beetle
 10516 | D:11     | Killed a boulder beetle
 10560 | D:11     | Offered knowledge of Dazzling Flash by Vehumet.
 10603 | D:11     | Noticed a boulder beetle
 10611 | D:11     | Killed a boulder beetle
 10612 | D:11     | Reached skill level 10 in Conjurations
 10612 | D:11     | Reached XP level 12. HP: 72/72 MP: 22/26
 10658 | D:11     | Learned a level 3 spell: Dazzling Flash
 10683 | D:11     | Learned a level 2 spell: Passwall
 10688 | D:11     | Learned a level 4 spell: Petrify
 10771 | D:11     | Found a staircase to the Orcish Mines.
 10930 | D:11     | Found an iron altar of Okawaru.
 11139 | D:12     | Found Lanet's Assorted Antiques.
 11147 | D:12     | Bought a buckler for 148 gold pieces
 11169 | D:12     | Found Madaijyu's Book Shop.
 11261 | D:12     | Found Sohoorut's Distillery.
 11288 | D:12     | Found Esusienonin's Distillery.
 11349 | D:12     | Found Ofaopri's Antique Armour Boutique.
 11968 | D:12     | Noticed a two-headed ogre
 11974 | D:12     | Killed a two-headed ogre
 12085 | Lair:1   | Entered Level 1 of the Lair of Beasts
 12110 | Lair:1   | Identified the +4 scale mail "Ocwoota" {Str+3}
 12127 | Lair:1   | Reached **** piety under Vehumet
 12232 | Lair:1   | Reached skill level 1 in Shields
 12518 | Lair:1   | Noticed a boulder beetle
 12541 | Lair:1   | Killed a boulder beetle
 12542 | Lair:1   | Reached skill level 14 in Earth Magic
 13127 | Lair:2   | Offered knowledge of Irradiate by Vehumet.
 13322 | Lair:2   | Found a sparkling altar of Nemelex Xobeh.
 13370 | Lair:2   | Noticed Sonja
 13371 | Lair:2   | Found a staircase to the Snake Pit.
 13374 | Lair:2   | Killed Sonja
 13759 | Lair:2   | Reached XP level 13. HP: 80/80 MP: 28/28
 14033 | Lair:2   | Found a staircase to the Swamp.
 14203 | Lair:3   | Reached skill level 5 in Shields
 16002 | Lair:4   | Noticed Snorg
 16015 | Lair:3   | HP: 4/81 [Snorg (18)]
 16019 | Lair:3   | Slain by Snorg

Illustrated notes

Levels and vault maps discovered:
D:1:      scummos_arrival_simple_crosswalls, layout_basic,
          shapermc_ecumenical_altar_pompeii, minmay_tripent
D:2:      layout_rooms, basic_altar, st_stairs_13
D:3:      layout_basic, uniq_crazy_yiuf_cottage, uniq_robin, uniq_sigmund
D:4:      layout_rooms, kennysheep_mini_moat,
          hangedman_abyss_or_decor_jellyfish_corner
D:5:      layout_basic, zin_scriptorium, ashenzari_conservatory_becter,
          minmay_temple_entry_glass, uniq_pikel, uniq_grinder
D:6:      layout_basic, nicolae_overflow_hidden_temple,
          lemuel_mausoleum_altar_kikubaaqudgha, serial_bayou,
          serial_bayou_shore_a, serial_bayou_pond_a, serial_bayou_pond_c,
          serial_bayou_shore_b, uniq_eustachio
D:7:      layout_layer_cave, serial_shops, nicolae_shop_stone,
          uniq_prince_ribbit1
D:8:      layout_basic, mainiacjoe_overflow_concentric_impassable,
          hangedman_decor_points, uniq_grum
D:9:      layout_loops_ring, serial_shops, shop_statue, shop,
          chequers_decorated_corner
D:10:     layout_roguey, mainiacjoe_overflow_alcove_1, david_lair_shrubbed,
          nicolae_shop_self_help
D:11:     layout_long_grid, orc_0_dummy,
          hellmonk_okawaru_the_only_friend_you_need
D:12:     layout_long_grid, serial_shops, nicolae_square_shop,
          nicolae_shop_overgrown_old_shop,
          nicolae_shop_temple_entry_statues_fountains, shop_fountains,
          nicolae_take_the_stairs
Temple:   nicolae_temple_great_sept
Lair:1:   layout_loops_ring, grunt_megastairs_4
Lair:2:   layout_long_grid, nicolae_swamp_entry_spooky, dummy_snake_entry,
          basic_altar, minivault_26, uniq_sonja
Lair:3:   layout_gridlike, kennysheep_abandoned_house, grunt_megastairs_2,
          infiniplex_staircase_pool_2, lemuel_fruit_tree
Lair:4:   layout_cave_pods, uniq_nessos, uniq_snorg

Skill      XL: |  1  2  3  4  5  6  7  8  9 10 11 12 13 |
---------------+----------------------------------------+-----
Transmutations | 1 |  1.0
Earth Magic    | 4 6 8 9 10 12 13 14 | 14.9
Spellcasting   | 3 4 5 6 8 9 10 11 | 11.4
Conjurations   | 2 4 7 8 10 11 | 11.9
Fighting       | 4 7 8 9 |  9.7
Shields        | 4 7 |  7.1
Dodging        | |  1.5
Stealth        | |  2.1

Action                     |  1- 3 |  4- 6 |  7- 9 | 10-12 | 13-15 || total
---------------------------+-------+-------+-------+-------+-------++-------
  Melee: Mace              |     1 |       |       |       |       ||     1
         Flail             |       |       |    10 |       |       ||    10
         Morningstar       |       |       |       |     3 |     1 ||     4
   Cast: Sandblast         |    63 |    59 |   150 |   109 |       ||   381
         Stone Arrow       |       |       |       |   270 |   181 ||   451
    Use: Scroll            |       |       |     7 |    15 |     3 ||    25
         Potion            |       |       |       |       |     4 ||     4
 Armour: Robe              |    10 |     2 |       |       |       ||    12
         Leather armour    |       |     5 |    42 |    65 |    85 ||   197
  Dodge: Dodged            |    11 |    24 |    50 |   142 |    61 ||   288
  Block: Buckler           |       |       |       |     8 |    49 ||    57

Table legend: (Time is in decaauts)
 A = Elapsed time spent in this place.
 B = Non-inter-level travel time spent in this place.
 C = Inter-level travel time spent in this place.
 D = Time resting spent in this place.
 E = Time spent auto-exploring this place.
 F = Levels seen in this place.
 G = Mean time per level.
                   A        B        C        D        E       F      G
               +--------+--------+--------+--------+--------+-----+--------+
         Total |  16228 |  15716 |    512 |    898 |  12658 |  17 |  954.6 |
       Dungeon |  12188 |  11777 |    411 |    499 |   9607 |  12 | 1015.7 |
        Temple |    112 |     84 |     28 |      0 |     71 |   1 |  112.0 |
          Lair |   3927 |   3854 |     73 |    399 |   2980 |   4 |  981.8 |
               +--------+--------+--------+--------+--------+-----+--------+

Top non-repeatable levels by time:
     D:5: 1420 daAuts
  Lair:3: 1411 daAuts
  Lair:2: 1367 daAuts
     D:7: 1319 daAuts
     D:6: 1294 daAuts
     D:8: 1246 daAuts
    D:10: 1053 daAuts
    D:11: 1006 daAuts
     D:2: 903 daAuts
     D:1: 883 daAuts
  Lair:1: 879 daAuts
    D:12: 868 daAuts
     D:3: 831 daAuts
     D:4: 718 daAuts
     D:9: 641 daAuts
